 Dungeon Crawl Stone Soup version 0.29.1-15-g9cfb28693d (webtiles) character file.

Game seed: 7501236358709684401

67 Heoruswealwe the Magician (level 3, 0/19 HPs)
             Began as a Deep Elf Earth Elementalist on Mar 25, 2023.
             Succumbed to an adder's poison
             ... on level 2 of the Dungeon.
             The game lasted 00:05:54 (688 turns).

Heoruswealwe the Magician (DEEE)                     Turns: 688, Time: 00:05:54

Health: 0/19       AC:  2    Str:  5    XL:     3   Next: 98%
Magic:  2/10       EV: 12    Int: 21    God:
Gold:   124        SH:  0    Dex: 15    Spells: 7/10 levels left

rFire   . . .      SeeInvis .   (no weapon)
rCold   . . .      Faith    .   (no shield)
rNeg    . . .      Spirit   .   a - +0 robe
rPois   .          Reflect  .   (no helmet)
rElec   .          Harm     .   (no cloak)
rCorr   .          Rampage  .   (no gloves)
Will    .....                   (no boots)
Stlth   ++........              (no amulet)
HPRegen 0.06/turn               (no ring)
MPRegen 0.12/turn               (no ring)

@: lethally poisoned (0 -> -4)
A: no striking features
a: no special abilities


You were on level 2 of the Dungeon.
You visited 1 branch of the dungeon, and saw 2 of its levels.

You collected 124 gold pieces.

Inventory:

Hand Weapons
 f - a +0 hand axe
Armour
 a - a +0 robe (worn)
Scrolls
 d - 2 scrolls of blinking {unknown}
Potions
 b - a potion of magic
 c - a potion of brilliance {unknown}
 e - a potion of lignification
 g - a potion of heal wounds


   Skills:
 - Level 2.4 Dodging
 - Level 2.4 Stealth
 * Level 4.3 Spellcasting
 + Level 2.1 Transmutations
 * Level 4.2 Earth Magic


You had 7 spell levels left.
You knew the following spells:

 Your Spells              Type           Power      Damage    Failure   Level
a - Sandblast             Erth           44%        2d11      1%          1
z - Passwall              Tmut/Erth      14%        N/A       4%          2

Your spell library contained the following spells:

 Spells                   Type           Power      Damage    Failure   Level
 Stone Arrow              Conj/Erth      26%        3d8       14%         3
 Petrify                  Tmut/Erth      17%        N/A       30%         4


Dungeon Overview and Level Annotations

Branches:
Dungeon (2/15)

Altars:


Message History

You kill the rat!
An adder, a rat, a hobgoblin and a kobold come into view.
Found four items.
The hobgoblin shouts!
You hear a shout!
You hear an angry hiss.
The blast of sand hits the rat!
You kill the rat!
The hobgoblin closely misses you. The adder bites you.
You are poisoned.
The adder poisons you! The hobgoblin hits you.
You are too injured to fight recklessly!
You are too injured to fight recklessly!
Casting: Sandblast (safe; 1% risk of failure)
Confirm with . or Enter, or press ? or * to list all spells.
Aiming: Sandblast (safe; 1% risk of failure)
Press: ? - help, Shift-Dir - straight line, f - hobgoblin
Aim: a hobgoblin (83% to hit)
The blast of sand hits the hobgoblin.
You kill the hobgoblin!
You feel sick. The adder completely misses you. The adder bites you.
* * * LOW HITPOINT WARNING * * *
You are lethally poisoned!
The adder poisons you!
Casting: Sandblast (safe; 1% risk of failure)
Confirm with . or Enter, or press ? or * to list all spells.
Aiming: Sandblast (safe; 1% risk of failure)
Press: ? - help, Shift-Dir - straight line, f - adder
Aim: an adder (72% to hit)
The blast of sand hits the adder.
The adder is severely wounded.
* * * LOW HITPOINT WARNING * * *
You feel sick. The adder closely misses you. The adder bites you.
* * * LOW HITPOINT WARNING * * *
Casting: Sandblast (safe; 1% risk of failure)
Confirm with . or Enter, or press ? or * to list all spells.
Aiming: Sandblast (safe; 1% risk of failure)
Press: ? - help, Shift-Dir - straight line, f/p - adder
Aim: an adder (severely wounded, 72% to hit)
The blast of sand hits the adder!
You kill the adder!
You die...

##. .. ..#
... ## ..#
...# #.#?#
..# #...
#.##.#
..###..# .##
#...#S#
..#...# ..#.
#..##.##..†#
...
#...#.#@..#
#.
#..##†###.#
###.
#...#...#
....
##..#.K.# #.
#..#?[?# ##.
#..#####.
##..
#........
....
#.#######
.... #.#
####...


There were no monsters in sight!

Vanquished Creatures
  3 adders (D:2)
  A worm (D:2)
  2 dart slugs (D:1)
  5 orcs (D:2)
  3 ball pythons
  2 giant cockroaches (D:1)
  A goblin (D:2)
  5 hobgoblins
  2 quokkas (D:1)
  3 bats
  5 frilled lizards
  A kobold (D:2)
  5 rats
38 creatures vanquished.

Notes
Turn   | Place    | Note
-------+----------+-------------------------------------------
     0 | D:1      | Heoruswealwe the Deep Elf Earth Elementalist began the
                  | quest for the Orb.
     0 | D:1      | Reached XP level 1. HP: 10/10 MP: 6/6
     6 | D:1      | Noticed a black bear
     6 | D:1      | Noticed a hog
     7 | D:1      | Noticed an iguana
     7 | D:1      | Noticed a seven-headed hydra
   129 | D:1      | Reached XP level 2. HP: 12/15 MP: 4/8
   178 | D:1      | Learned a level 2 spell: Passwall
   540 | D:2      | Reached XP level 3. HP: 19/19 MP: 6/10
   688 | D:2      | Succumbed to an adder's poison

Illustrated notes

Levels and vault maps discovered:
D:1:      onia_arrival_zoo_common, layout_basic, minmay_small_reverse_x
D:2:      layout_rooms, minmay_misc_feat_five, corexii_item_surrounded_by_moat,
          minmay_vboxes

Skill      XL: |  1  2  3 |
---------------+----------+-----
Earth Magic    | 4 |  4.2
Spellcasting   | 4 |  4.3
Transmutations | 2 |  2.1
Dodging        | |  2.4
Stealth        | |  2.4

Action                   || total
-------------------------++-------
 Cast: Sandblast         ||    54
  Use: Scroll            ||     2
Dodge: Dodged            ||    18
